 Dungeon Crawl Stone Soup version 0.26.1-2-gb8aa6d0cf2 (webtiles) character file.

Game seed: 1452541559114242111

4647 McKennaii the Thaumaturge (level 10, -3/52 HPs)
             Began as a Deep Elf Conjurer on Feb 14, 2021.
             Was a Believer of Vehumet.
             Slain by a wolf (10 damage)
             ... on level 9 of the Dungeon.
             The game lasted 00:21:35 (16223 turns).

McKennaii the Thaumaturge (Deep Elf Conjurer)      Turns: 16223, Time: 00:21:35

Health: -3/52      AC: 11    Str:  4    XL:     10   Next: 20%
Magic:  7/28       EV:  9    Int: 32    God:    Vehumet [**....]
Gold:   88         SH:  0    Dex: 11    Spells: 24/33 levels left

rFire    . . .     SeeInvis .   m - +1 flail (protect)
rCold    . . .     Faith    .   (no shield)
rNeg     . . .     Spirit   .   o - +1 ring mail of Hysteria {Int+3} (curse)
rPois    .         Reflect  .   (no helmet)
rElec    .         Harm     .   (no cloak)
rCorr    .         Rampage  .   i - +0 pair of gloves
Will     +....                  D - +0 pair of boots
Stlth    +++.......             (no amulet)
HPRegen  0.17/turn              E - ring of wizardry
MPRegen  0.21/turn              q - ring of stealth

@: very slightly contaminated
A: claws 1, yellow scales 1, clever 1, clumsy 1
a: Renounce Religion


You were on level 9 of the Dungeon.
You worshipped Vehumet.
Vehumet was pleased with you.
You visited 2 branches of the dungeon, and saw 10 of its levels.

You collected 472 gold pieces.
You spent 384 gold pieces at shops.

Inventory:

Hand Weapons
 m - a +1 flail of protection (weapon)
Armour
 a - a +0 robe
 i - a +0 pair of gloves (worn)
 o - the cursed +1 ring mail of Hysteria (worn) {Int+3}
   (You found it on level 5 of the Dungeon)

   It affects your intelligence (+3).
   It has a curse placed upon it.
 D - a +0 pair of boots (worn)
Jewellery
 l - an uncursed ring of flight
 q - a ring of stealth (right hand)
 u - the amulet of Xom's Whimsicality {Acrobat rN+ Str+2 Int-3 Slay+2}
   (You found it on level 5 of the Dungeon)

   [amulet of the acrobat]

   It helps you evade while moving and waiting.
   It affects your strength (+2).
   It affects your intelligence (-3).
   It affects your accuracy and damage with ranged weapons and melee attacks
   (+2).
   It protects you from negative energy.
 E - a ring of wizardry (left hand)
Wands
 f - a wand of enslavement (10)
 j - a wand of polymorph (21)
 z - a wand of flame (27)
Scrolls
 b - 5 scrolls of teleportation
 c - 6 scrolls of magic mapping
 d - 4 scrolls of identify
 g - 5 scrolls of remove curse {unknown}
 n - a scroll of blinking {unknown}
 p - 3 scrolls of amnesia {unknown}
 t - 2 scrolls of immolation {unknown}
 v - 2 scrolls of enchant armour {unknown}
 y - a scroll of fog
 A - a scroll of fear {unknown}
 B - 2 scrolls of summoning
Potions
 e - 2 potions of berserk rage
 h - 6 potions of curing
 r - 2 potions of mutation
 s - 3 potions of heal wounds
 w - a potion of haste
 x - a potion of magic
 C - a potion of attraction {unknown}


   Skills:
 + Level 1.0 Fighting
 + Level 3.2 Armour
 + Level 4.0 Dodging
 + Level 3.4 Stealth
 * Level 12.2 Spellcasting
 * Level 11.7 Conjurations
 + Level 1.0 Translocations


You had 24 spell levels left.
You knew the following spells:

 Your Spells              Type           Power        Failure   Level
a - Magic Dart            Conj           100%         1%          1
b - Fulminant Prism       Conj/Hex       27%          4%          4
c - Iskenderun's Mystic   Conj/Tloc      57%          4%          4

Your spell library contained the following spells:

 Spells                   Type           Power        Failure   Level
 Freeze                   Ice            76%          5%          1
 Searing Ray              Conj           100%         1%          2
 Dazzling Flash           Conj/Hex       100%         1%          3
 Corona                   Hex            21%          5%          1
 Ensorcelled Hibernation  Hex/Ice        38%          9%          2
 Confusing Touch          Hex            19%          16%         3
 Tukima's Dance           Hex            19%          16%         3


Dungeon Overview and Level Annotations

Branches:
Dungeon (9/15)             Temple (1/1) D:7             Orc (0/2) D:9
   Lair: D:8-11

Altars:
Ashenzari
Cheibriados
Dithmenos
Elyvilon
Fedhas
Gozag
Hepliaklqana
Kikubaaqudgha
Makhleb
Nemelex Xobeh
Okawaru
Qazlal
Ru
Sif Muna
Trog
Uskayaw
Vehumet
Wu Jian
Xom
Yredelemnul
Zin
The Shining One

Shops:
D:4 ?   D:7 ?   D:9 [

Annotations:
D:5 1 runed translucent door, Gnirx's ghost, amateur GrEE


Innate Abilities, Weirdness & Mutations

You have sharp fingernails.
You are partially covered in yellow scales. (AC +2)
Your mind is acute. (Int +2)
You are clumsy. (Dex -2)


Message History

Aiming: Magic Dart (safe; 1% risk of failure)
Press: ? - help, Shift-Dir - straight line, f/p - wolf
Aim: a wolf (severely wounded, 0% to evade)
The magic dart hits the wolf.
The wolf is almost dead.
Casting: Magic Dart (safe; 1% risk of failure)
Confirm with . or Enter, or press ? or * to list all spells.
Aiming: Magic Dart (safe; 1% risk of failure)
Press: ? - help, Shift-Dir - straight line, f/p - wolf
Aim: a wolf (almost dead, 0% to evade)
The magic dart hits the wolf.
The wolf is almost dead.
The wolf bites you!
* * * LOW HITPOINT WARNING * * *
The wolf barely misses you.
Casting: Magic Dart (safe; 1% risk of failure)
Confirm with . or Enter, or press ? or * to list all spells.
You miscast Iskenderun's Mystic Blast.
Nothing appears to happen.
The wolf bites you!
You die...

#'...... ......≈.....# #.....#.#
....... ...........# #.....#.#
.#...#. #.#...#....## #.....#.#
##..... #.#.#.+.....###.....'.#
#######.#.................#.#
........#....####.####....#.#
###########†#.#..# #.# #....#..
.................# ##.## #....#.#
...............h@###.(.###....###
.#####...)...##......_........#
.# #.......#...###...###....#
.#####.......#...# ##.## #....###
.............###.# #.# #..<....
#'###########....####.####.....##
).>.)....[(.#.##...............##
)#.)..#######....#>##.##.##......
[#....##### .....#.##.##.######'#


You could see a wolf.

Vanquished Creatures
  Menkaure (D:5)
  A water moccasin (D:9)
  3 orc warriors (D:9)
  2 ice beasts (D:6)
  3 sky beasts
  3 ogres
  A phantom (D:9)
  2 necrophages
  5 wolves (D:9)
  2 centaurs (D:5)
  4 bullfrogs
  4 scorpions
  A troll zombie (D:8)
  11 wights
  3 electric eels (D:9)
  A quasit (D:6)
  5 hounds
  3 orc priests
  A bullfrog zombie (D:9)
  5 human zombies (D:8)
  A centaur skeleton (D:4)
  4 jellies
  10 orc wizards
  A bullfrog skeleton (D:8)
  2 human skeletons (D:8)
  8 worker ants
  A hound skeleton (D:6)
  A mummy (D:8)
  A howler monkey zombie (D:5)
  3 gnolls (D:5)
  A howler monkey skeleton (D:7)
  8 adders
  A shadow imp (D:7)
  2 white imps
  An ufetubus (D:8)
  2 oozes
  6 dart slugs
  7 leopard geckos
  54 orcs
  2 ball pythons
  7 bats
  3 giant cockroaches
  6 goblins
  13 hobgoblins
  6 jackals
  6 quokkas
  A frilled lizard (D:4)
  6 kobolds
  A leopard gecko skeleton (D:8)
  An orc zombie (D:8)
  A quokka skeleton (D:6)
  A quokka zombie (D:3)
  3 rats
232 creatures vanquished.

Vanquished Creatures (others)
  A plant (D:1)
1 creature vanquished.

Grand Total: 233 creatures vanquished

Notes
Turn   | Place    | Note
-------+----------+-------------------------------------------
     0 | D:1      | McKennaii the Deep Elf Conjurer began the quest for the
                  | Orb.
     0 | D:1      | Reached XP level 1. HP: 10/10 MP: 6/6
   394 | D:1      | Reached XP level 2. HP: 15/15 MP: 6/8
   558 | D:1      | Reached skill level 5 in Conjurations
   862 | D:1      | Reached XP level 3. HP: 19/19 MP: 5/9
  1846 | D:2      | Found a bloodstained altar of Trog.
  1846 | D:2      | Found a sparkling altar of Nemelex Xobeh.
  2124 | D:2      | Found a shimmering altar of Xom.
  2124 | D:2      | Found a hazy altar of Hepliaklqana.
  2132 | D:2      | Found a faded altar of an unknown god.
  2134 | D:2      | Found a burning altar of Makhleb.
  2136 | D:2      | Found an iron altar of Okawaru.
  2202 | D:2      | Found a shadowy altar of Dithmenos.
  2403 | D:3      | Reached XP level 4. HP: 24/24 MP: 6/11
  2417 | D:3      | Reached skill level 4 in Spellcasting
  2987 | D:3      | Found a shimmering blue altar of Sif Muna.
  3369 | D:4      | Reached XP level 5. HP: 16/28 MP: 9/13
  3616 | D:4      | Noticed an ogre
  3690 | D:3      | Gained mutation: Your mind is acute. (Int +2) [potion of
                  | mutation]
  3690 | D:3      | Gained mutation: You tend to lose your temper in combat.
                  | [potion of mutation]
  3690 | D:3      | Gained mutation: You have sharp fingernails. [potion of
                  | mutation]
  3761 | D:3      | Lost mutation: You tend to lose your temper in combat.
                  | [potion of mutation]
  3761 | D:3      | Lost mutation: Your mind is acute. (Int +2) [potion of
                  | mutation]
  3761 | D:3      | Gained mutation: You are partially covered in yellow
                  | scales. (AC +2) [potion of mutation]
  3761 | D:3      | Gained mutation: You are clumsy. (Dex -2) [potion of
                  | mutation]
  3761 | D:3      | Gained mutation: Your mind is acute. (Int +2) [potion of
                  | mutation]
  3796 | D:4      | Learned a level 4 spell: Fulminant Prism
  3801 | D:4      | Learned a level 4 spell: Iskenderun's Mystic Blast
  3827 | D:4      | Reached skill level 5 in Spellcasting
  4132 | D:4      | Reached XP level 6. HP: 28/32 MP: 9/16
  4200 | D:4      | Found an iron altar of Okawaru.
  4216 | D:4      | Reached skill level 6 in Spellcasting
  4745 | D:4      | Found Wedudev's Magic Scroll Shoppe.
  4750 | D:4      | Bought a scroll of noise for 11 gold pieces
  4750 | D:4      | Bought a scroll of teleportation for 33 gold pieces
  4755 | D:4      | Bought a scroll of teleportation for 33 gold pieces
  4755 | D:4      | Bought a scroll of identify for 22 gold pieces
  5136 | D:4      | Found Fejytem's Gadget Emporium.
  5324 | D:4      | Reached XP level 7. HP: 29/36 MP: 10/19
  5524 | D:4      | Reached skill level 7 in Spellcasting
  5726 | D:5      | Entered Level 5 of the Dungeon
  5750 | D:5      | Noticed Menkaure
  5759 | D:5      | Killed Menkaure
  6033 | D:5      | Noticed Gnirx's ghost (amateur GrEE)
  6035 | D:5      | Found a runed translucent door.
  6806 | D:5      | Got a pitted sapphire amulet
  6862 | D:5      | Identified the amulet of Xom's Whimsicality {Acrobat rN+
                  | Str+2 Int-3 Slay+2} (You found it on level 5 of the
                  | Dungeon)
  6994 | D:5      | Reached skill level 8 in Spellcasting
  7519 | D:5      | Got a translucent ring mail
  7530 | D:5      | Identified the cursed +1 ring mail of Hysteria {Int+3} (You
                  | found it on level 5 of the Dungeon)
  7656 | D:6      | Reached XP level 8. HP: 42/42 MP: 13/22
  8335 | D:6      | Reached skill level 9 in Spellcasting
  8398 | D:6      | Found a blossoming altar of Fedhas.
  8572 | D:6      | Reached skill level 1 in Armour
  9060 | D:6      | Reached skill level 10 in Spellcasting
  9317 | D:6      | Reached skill level 10 in Conjurations
  9486 | D:7      | Found a staircase to the Ecumenical Temple.
  9574 | Temple   | Entered the Ecumenical Temple
  9635 | Temple   | Became a worshipper of Vehumet
  9682 | D:7      | Reached XP level 9. HP: 42/46 MP: 19/25
  9967 | D:7      | Found a glowing silver altar of Zin.
 11029 | D:7      | Found Sualimuk's Magic Scroll Shoppe.
 11037 | D:7      | Bought a scroll of identify for 28 gold pieces
 11037 | D:7      | Bought a scroll of identify for 28 gold pieces
 11037 | D:7      | Bought a scroll of summoning for 133 gold pieces
 11037 | D:7      | Bought a scroll of teleportation for 42 gold pieces
 11677 | D:7      | Reached * piety under Vehumet
 11677 | D:7      | Offered knowledge of Sandblast by Vehumet.
 12005 | D:8      | Reached skill level 11 in Spellcasting
 12281 | D:8      | Found a glowing golden altar of the Shining One.
 13126 | D:8      | Found a basalt altar of Yredelemnul.
 13993 | D:8      | Found an ancient bone altar of Kikubaaqudgha.
 14645 | D:8      | Reached skill level 1 in Fighting
 14942 | D:9      | Found Ofotseuc's Armour Emporium.
 14979 | D:9      | Bought a +0 pair of boots for 54 gold pieces
 15042 | D:9      | Found a broken altar of Ashenzari.
 15268 | D:9      | Offered knowledge of Freeze by Vehumet.
 15274 | D:9      | Reached ** piety under Vehumet
 15555 | D:9      | Found a staircase to the Orcish Mines.
 15583 | D:9      | Reached XP level 10. HP: 50/52 MP: 18/27
 15791 | D:9      | Reached skill level 12 in Spellcasting
 16092 | D:9      | Reached skill level 1 in Translocations
 16223 | D:9      | Slain by a wolf

Illustrated notes

Levels and vault maps discovered:
D:1:      dpeg_arrival_stone_temple_mockup, layout_rooms, serial_bayou_ford_a
D:2:      layout_rooms, chequers_temple_overflow_minitemple,
          lemuel_coloured_pillars_altar, gammafunk_temple_overflow_wave,
          minmay_liquid_box
D:3:      layout_basic, lemuel_blue_sif_altar
D:4:      layout_cave_pods, serial_shops, shop_fountains, shop_fountains,
          okawaru_ov_weapons_minmay
D:5:      layout_loops_corners, hellmonk_ghost_happy_afterlife, chequers_avenue,
          uniq_menkaure
D:6:      layout_cave_pools, fedhas_altar_2
D:7:      layout_basic, minmay_temple_entry_statues_fountains, basic_altar,
          serial_shops, shop_scrolls
D:8:      layout_basic, yredelemnul_altar_generic,
          nicolae_tso_swordbearing_angel, special_room [special_room_orc],
          lemuel_mausoleum_altar_kikubaaqudgha
D:9:      layout_stronghold, zin_angel, nicolae_overflow_crystal_walls,
          erik_lair_island, hiddenorc2_lemuel, serial_shops, shop, uniq_erolcha
Temple:   jpeg_temple_island

Skill      XL: |  1  2  3  4  5  6  7  8  9 10 |
---------------+-------------------------------+-----
Conjurations   | 5 6 7 8 10 11 | 11.7
Spellcasting   | 4 5 6 8 10 11 12 | 12.2
Stealth        | 3 |  3.4
Dodging        | 3 4 |  4.0
Armour         | 1 3 |  3.2
Fighting       | 1 |  1.0
Translocations | 1 |  1.0

Action                   |  1- 3 |  4- 6 |  7- 9 | 10-12 || total
-------------------------+-------+-------+-------+-------++-------
Melee: Unarmed           |    13 |       |       |       ||    13
       Flail             |       |       |    79 |       ||    79
 Cast: Magic Dart        |    99 |   158 |   669 |    61 ||   987
       Iskenderun's Myst |       |       |     7 |     8 ||    15
  Use: Potion            |       |     4 |       |       ||     4
       Scroll            |       |       |    10 |       ||    10
Armor: Robe              |     1 |    10 |     3 |       ||    14
       Ring mail         |       |       |   182 |    20 ||   202
Dodge: Dodged            |    18 |    38 |   137 |    14 ||   207
